Map: Odyssée EC

Players

Lhuq

  • Race: Zerg Zerg
  • League: Platinum
  • Spawn Location: 5:00

zidar - Winner!

  • Race: Zerg Zerg
  • League: Gold
  • Spawn Location: 11:00

VOD

Have the link to the VOD?

Description

Time

  • Played on: Aug. 31, 2017, 2:09 p.m.
  • Length: 8:02
Show
View Real Time Build Order
Export as new Build Order

Lhuq Zerg 

Build Orders: Hatch First 

Get SALT Encoding   

  12  0:02  Drone  
  13  0:09  Drone  
  14  0:17  Overlord  
  14  0:35  Drone x3  
  17  0:55  Hatchery  
  16  0:59  Drone  
  17  1:12  Spawning Pool  
  17  1:14  Drone  
  17  1:18  Extractor  
  16  1:19  Drone  
  17  1:31  Drone x2  
  19  2:00  Queen  
  21  2:01  Zergling x2  
  21  2:04  Overlord  
  21  2:05  Overlord  
  22  2:17  Metabolic Boost  
  22  2:20  Zergling x4  
  22  2:21  Extractor, Zergling x2  
  24  2:23  Drone  
  24  2:28  Drone  
  26  2:34  Drone  
  26  2:35  Queen  
  29  2:43  Drone  
  30  2:50  Drone  
  31  2:51  Spine Crawler  
  31  2:56  Drone x2  
  32  3:05  Baneling Nest, Drone  
  32  3:08  Extractor  
  31  3:15  Overlord  
  31  3:22  Drone x2  
  33  3:29  Lair  
  33  3:33  Drone  
  34  3:36  Drone  
  34  3:39  Drone  
  34  3:41  Drone  
  37  3:45  Drone  
  38  3:49  Baneling x3  
  38  3:59  Zergling x4  
  38  4:00  Zergling x2  
  41  4:07  Drone x2  
  41  4:08  Drone  
  44  4:10  Extractor  
  44  4:13  Baneling  
  43  4:18  Queen  
  45  4:26  Drone x3  
  45  4:28  Drone x2  
  50  4:38  Hydralisk Den  
  50  4:44  Spine Crawler  
  48  4:48  Spine Crawler, Zergling x4  
  48  5:05  Zergling x16  
  49  5:14  Zergling x4  
  50  5:28  Zergling x4  
  50  5:32  Spine Crawler  
  50  5:33  Zergling x2  
  50  5:34  Zergling x6  
  49  5:35  Spine Crawler  
  49  5:42  Drone x3  
  48  5:52  Drone x2  
  48  5:56  Drone  
  51  6:12  Overlord  
  51  6:16  Overlord  
  51  6:23  Overseer  
  51  6:30  Queen x2  
  55  6:36  Hydralisk x4  
  55  6:37  Hydralisk  
  65  6:41  Zergling x2  
  65  6:42  Zergling x2  
  67  6:48  Spine Crawler  
  67  6:53  Hydralisk  
  68  6:56  Overlord  
  68  7:03  Spine Crawler  
  68  7:07  Overlord x2  
  66  7:16  Zergling x10  
  60  7:25  Zergling x2  
  60  7:26  Zergling x4  
Show
View Real Time Build Order
Export as new Build Order

zidar Zerg - Winner!

Build Orders: Hatch First 

Get SALT Encoding   

  12  0:02  Drone  
  13  0:12  Overlord  
  13  0:16  Drone  
  14  0:31  Drone x2  
  14  0:34  Drone  
  17  0:57  Hatchery  
  17  0:59  Drone  
  17  1:04  Extractor  
  17  1:05  Drone  
  17  1:23  Drone  
  18  1:27  Drone  
  19  1:38  Spawning Pool  
  18  1:41  Overlord  
  18  1:43  Drone  
  19  2:03  Drone x2  
  21  2:10  Extractor  
  20  2:27  Roach Warren  
  20  2:29  Queen  
  21  2:31  Queen  
  21  2:34  Drone x2  
  24  2:37  Drone  
  25  2:52  Drone x4  
  25  2:58  Overlord  
  29  3:13  Roach x3  
  29  3:17  Overlord  
  35  3:23  Drone  
  36  3:32  Drone x2  
  38  3:42  Roach x3  
  38  3:43  Roach  
  38  3:48  Overlord  
  46  3:59  Roach  
  46  4:00  Roach x2  
  52  4:03  Overlord  
  52  4:11  Roach  
  52  4:12  Roach  
  56  4:27  Roach x4  
  64  4:40  Overlord  
  64  4:44  Roach x2  
  52  5:31  Roach  
  52  5:32  Roach x12  
  58  6:06  Evolution Chamber  
  58  6:09  Roach x4  
  58  6:10  Roach x5  
  75  6:12  Ravager  
  75  6:14  Overlord  
  76  6:34  Ravager  
  77  6:48  Roach  
  77  6:49  Roach x2  
  83  6:57  Overlord  
  83  6:59  Lair  
Tags
 
Add a new tag
Caveats
  • Supply blocks, unpowered buildings, or Contaminate may cause inaccurate times.
  • Supply counts are checked every 10 seconds.